 Dungeon Crawl Stone Soup version 0.23.2-40-g277498a001 (webtiles) character file.

Game seed: 0

88 Hubris the Magician (level 4, 32/32 HPs)
             Began as a Gnoll Wizard on Feb 27, 2019.
             Quit the game on level 3 of the Dungeon on Aug 25, 2019.
             The game lasted 00:08:52 (2320 turns).

Hubris the Magician (Gnoll Wizard)                  Turns: 2320, Time: 00:08:52

Health: 32/32      AC:  2    Str:  9    XL:     4   Next: 53%
Magic:  10/13      EV: 14    Int: 22    God:
Gold:   214        SH:  0    Dex: 13    Spells: 6/17 levels left

rFire    . . .     SeeInvis .   g - +0 dagger
rCold    . . .     Gourm    .   (no shield)
rNeg     . . .     Faith    .   a - +0 robe
rPois    .         Spirit   .   b - +0 hat
rElec    .         Reflect  .   (no cloak)
rCorr    .         Harm     .   (no gloves)
MR       .....                  (no boots)
Stlth    +++.......             (no amulet)
HPRegen  0.10/turn              k - ring of flight
MPRegen  0.13/turn              (no ring)

@: no status effects
A: distributed training, fangs 1, strong nose
a: Evoke Flight


You were on level 3 of the Dungeon.
You were not hungry.

You visited 1 branch of the dungeon, and saw 3 of its levels.

You collected 214 gold pieces.

Inventory:

Hand Weapons
 g - a +0 dagger (weapon)
Missiles
 r - 7 poisoned javelins (quivered)
Armour
 a - a +0 robe (worn)
 b - a +0 hat (worn)
Jewellery
 k - a ring of flight (left hand)
Wands
 n - a wand of polymorph (4)
 o - a wand of iceblast (10)
Scrolls
 c - 3 scrolls of remove curse {unknown}
 h - a scroll of enchant armour {unknown}
 i - 2 scrolls of teleportation {unknown}
 l - 2 scrolls of identify {unknown}
 m - a scroll of random uselessness {unknown}
 p - a scroll of immolation {unknown}
 q - a scroll of enchant weapon {unknown}
 s - a scroll of amnesia {unknown}
 v - a scroll of noise {unknown}
Potions
 e - a potion of invisibility {unknown}
 f - a potion of haste {unknown}
 j - 3 potions of curing {unknown}
 t - a potion of cancellation {unknown}
 u - a potion of berserk rage {unknown}
 w - a potion of ambrosia {unknown}
 x - 2 potions of heal wounds {unknown}
Comestibles
 d - 8 rations


   Skills:
 + Level 1.1 Fighting
 + Level 1.1 Short Blades
 + Level 1.1 Long Blades
 + Level 1.1 Axes
 + Level 1.1 Maces & Flails
 + Level 1.1 Polearms
 + Level 1.1 Staves
 + Level 1.1 Slings
 + Level 1.1 Bows
 + Level 1.1 Crossbows
 + Level 1.1 Throwing
 + Level 1.1 Armour
 + Level 4.6 Dodging
 + Level 4.2 Stealth
 + Level 1.1 Shields
 + Level 1.1 Unarmed Combat
 + Level 7.2 Spellcasting
 + Level 2.2 Conjurations
 + Level 0.9 Hexes
 + Level 0.9 Charms
 + Level 2.2 Summonings
 + Level 0.9 Necromancy
 + Level 2.2 Translocations
 + Level 0.9 Transmutations
 + Level 0.9 Fire Magic
 + Level 0.9 Ice Magic
 + Level 0.9 Air Magic
 + Level 0.9 Earth Magic
 + Level 0.9 Poison Magic
 + Level 1.2 Invocations
 + Level 1.1 Evocations


You had 6 spell levels left.
You knew the following spells:

 Your Spells              Type           Power        Failure   Level  Hunger
a - Magic Dart            Conj           ###.         3%          1    None
b - Blink                 Tloc           N/A          4%          2    None
c - Call Imp              Summ           ###.....     4%          2    None
d - Conjure Flame         Conj/Fire      ##......     13%         3    None
e - Mephitic Cloud        Conj/Pois/Air  ##......     14%         3    None

Your spell library contained the following spells:

 Spells                   Type           Power        Failure   Level  Hunger
 Slow                     Hex            ##......     9%          2    None


Dungeon Overview and Level Annotations

Branches:
Dungeon (3/15)

Altars:
Fedhas
Vehumet
Xom


Innate Abilities, Weirdness & Mutations

Your experience applies equally to all skills.
You have very sharp teeth.
Your uncanny sense of smell can sniff out nearby items.


Message History

The magic dart hits the ooze.
The ooze is heavily wounded.
Casting: Magic Dart (safe; 3% risk of failure)
Confirm with . or Enter, or press ? or * to list all spells.
You can't see any susceptible monsters within range! (Use Z to cast anyway.)
You see here 9 gold pieces.
Unknown command.
Casting: Magic Dart (safe; 3% risk of failure)
Confirm with . or Enter, or press ? or * to list all spells.
Aiming: Magic Dart (safe; 3% risk of failure)
Press: ? - help, Shift-Dir - straight line, f/p - ooze
Aim: an ooze (heavily wounded)
The magic dart hits the ooze.
You kill the ooze!
You now have 214 gold pieces (gained 9).
Unknown command.
Save game and exit?
Welcome back, Hubris the Gnoll Wizard.
Press ? for a list of commands and other information.
Are you sure you want to abandon this character and quit the game? (Confirm with "yes".)

.##...####.##. #... ......
....# #.##. #..........
......##.##.
##....#................)..
............)#..#.#.##..#.
#....#.#.##.#..#.# #..#.
............#..#.# #....
#..#.#.##.#..#.# ##...
#.....@...#..#.# #.#.
##.#.#.##.#..#.#####...
#...........#.........
##....................
##.#.##..............
...#.##...####...#.#.
#.##.#......####...#>#.
###................#.#.
#.#.####..............


There were no monsters in sight!

Vanquished Creatures
  2 adders (D:3)
  An ooze (D:3)
  5 worms
  A leopard gecko (D:1)
  4 orcs (D:3)
  3 bats
  2 giant cockroaches
  8 goblins
  2 hobgoblins
  3 jackals (D:2)
  A quokka (D:2)
  A ball python (D:1)
  A frilled lizard (D:2)
  6 kobolds
  7 rats
47 creatures vanquished.

Notes
Turn   | Place    | Note
-------+----------+-------------------------------------------
     0 | D:1      | Hubris the Gnoll Wizard began the quest for the Orb.
     0 | D:1      | Reached XP level 1. HP: 13/13 MP: 8/8
   116 | D:1      | Reached XP level 2. HP: 19/19 MP: 6/10
   656 | D:2      | Upgraded the game from 0.23.0-33-g5e6c059fef to
                  | 0.23.2-33-g5129a83184
   748 | D:2      | Reached XP level 3. HP: 18/25 MP: 11/11
  1011 | D:2      | Found a shimmering altar of Xom.
  1327 | D:2      | Reached skill level 1 in Invocations
  1331 | D:2      | Learned a level 2 spell: Blink
  1334 | D:2      | Learned a level 2 spell: Call Imp
  1338 | D:2      | Learned a level 3 spell: Conjure Flame
  1342 | D:2      | Learned a level 3 spell: Mephitic Cloud
  1397 | D:2      | Found a blossoming altar of Fedhas.
  1729 | D:3      | Reached skill level 1 in Fighting
  1729 | D:3      | Reached skill level 1 in Short Blades
  1729 | D:3      | Reached skill level 1 in Long Blades
  1729 | D:3      | Reached skill level 1 in Axes
  1729 | D:3      | Reached skill level 1 in Maces & Flails
  1729 | D:3      | Reached skill level 1 in Polearms
  1729 | D:3      | Reached skill level 1 in Staves
  1729 | D:3      | Reached skill level 1 in Slings
  1729 | D:3      | Reached skill level 1 in Bows
  1729 | D:3      | Reached skill level 1 in Crossbows
  1729 | D:3      | Reached skill level 1 in Throwing
  1729 | D:3      | Reached skill level 1 in Armour
  1729 | D:3      | Reached skill level 1 in Shields
  1729 | D:3      | Reached skill level 1 in Unarmed Combat
  1729 | D:3      | Reached skill level 1 in Evocations
  1768 | D:3      | Reached XP level 4. HP: 32/32 MP: 0/13
  2060 | D:3      | Found a radiant altar of Vehumet.
  2320 | D:3      | Upgraded the game from 0.23.2-33-g5129a83184 to
                  | 0.23.2-40-g277498a001
  2320 | D:3      | Quit the game

Skill      XL: |  1  2  3 |
---------------+----------+-----
Conjurations   | 2 |  2.2
Summonings     | 2 |  2.2
Translocations | 2 |  2.2
Invocations    | 1 |  1.2
Fighting       | 1 |  1.1
Short Blades   | 1 |  1.1
Long Blades    | 1 |  1.1
Axes           | 1 |  1.1
Maces & Flails | 1 |  1.1
Polearms       | 1 |  1.1
Staves         | 1 |  1.1
Slings         | 1 |  1.1
Bows           | 1 |  1.1
Crossbows      | 1 |  1.1
Throwing       | 1 |  1.1
Armour         | 1 |  1.1
Shields        | 1 |  1.1
Unarmed Combat | 1 |  1.1
Evocations     | 1 |  1.1
Dodging        | |  4.6
Stealth        | |  4.2
Spellcasting   | |  7.2
Hexes          | |  0.9
Charms         | |  0.9
Necromancy     | |  0.9
Transmutations | |  0.9
Fire Magic     | |  0.9
Ice Magic      | |  0.9
Air Magic      | |  0.9
Earth Magic    | |  0.9
Poison Magic   | |  0.9

Action                   |  1- 3 |  4- 6 || total
-------------------------+-------+-------++-------
Melee: Dagger            |    20 |    33 ||    53
       Bite              |     2 |     1 ||     3
 Cast: Magic Dart        |    84 |    25 ||   109
       Mephitic Cloud    |     1 |       ||     1
       Blink             |     1 |       ||     1
 Stab: Sleeping          |     4 |       ||     4
  Eat: Chunk             |     2 |     2 ||     4
Armor: Robe              |       |     2 ||     2
Dodge: Dodged            |     3 |    22 ||    25
